 Dungeon Crawl Stone Soup version 0.17-b1-36-g7b1967c (console) character file.

165 gw the Covered (level 5, 0/45 HPs)
             Began as a Demigod Wanderer on Nov 7, 2015.
             Slain by gw's ghost (6 damage)
             ... on level 3 of the Dungeon.
             The game lasted 00:03:30 (3156 turns).

gw the Covered (Demigod Wanderer)                   Turns: 3156, Time: 00:03:30

Health: 0/45       AC:  8    Str: 20    XL:     5   Next: 1%
Magic:  8/8        EV: 10    Int: 13    God:
Gold:   176        SH:  0    Dex: 15    Spells: 0 memorised, 4 levels left

rFire  . . .     SeeInvis .     a - +0 mace
rCold  . . .     Clarity  .     h - +0 ring mail
rNeg   . . .     SustAt   +     (no shield)
rPois  .         Gourm    .     (no helmet)
rElec  .         Spirit   .     (no cloak)
rCorr  .         Warding  .     f - +2 pair of gloves
rMut   .         Stasis   .     (no boots)
MR     .....                    (no amulet)
Stlth  +.........               (no ring)
                                (no ring)

@: not resistant to hostile enchantments, very unstealthy
A: high mp 1, sustain attributes
a: no special abilities


You were on level 3 of the Dungeon.
You were not hungry.

You visited 1 branch of the dungeon, and saw 3 of its levels.

You collected 176 gold pieces.

Inventory:

Hand Weapons
 a - a +0 mace (weapon)
Missiles
 b - 55 bolts
 g - 15 silver bolts
Armour
 f - a +2 pair of gloves (worn)
 h - a +0 ring mail (worn)
Potions
 c - a potion of lignification
Comestibles
 e - 4 bread rations


   Skills:
 + Level 3.3 Fighting
   Level 2.1 Long Blades
 * Level 3.1 Maces & Flails
 + Level 3.4 Armour
   Level 1.0 Shields
   Level 1.0 Evocations


You had 4 spell levels left.
You didn't know any spells.

Dungeon Overview and Level Annotations

Branches:
Dungeon (3/15)

Annotations:
D:3 gw's ghost, amateur DgWn


Innate Abilities, Weirdness & Mutations

You have an increased reservoir of magic (+10% MP).
Your attributes are resistant to harm.


Message History

Gw's ghost hits you but does no damage.
Unknown command.
Unknown command.
Unknown command.
Unknown command.
FLEEEEING!
ATTACKING (0,-1)
You hit gw's ghost but do no damage.
Gw's ghost is moderately damaged.
Gw's ghost hits you. x2
Unknown command.
Unknown command.
Unknown command.
Unknown command.
FLEEEEING!
ATTACKING (0,-1)
You hit gw's ghost.
Gw's ghost is heavily damaged.
Gw's ghost hits you.
You die...

...#....#..........#######.#.####
...#..#.#..........### #.#.#
##.#<...#............#####.#.#
#.######.........##.#.......#
#.........(.........#.###.###
#########........##.# #...
#.......o....# #.....
#.######W##### #...### #.# #p#
#...# #.######.# ..... #........#
#.### ##########


You could see gw's ghost and an orc.

Table legend:
 A = Turns spent in this place as a percentage of turns spent in the entire game.
 B = Non-inter-level travel turns spent in this place as a percentage of non-inter-level travel turns spent in the entire game.
 C = Inter-level travel turns spent in this place as a percentage of turns spent in this place.
 D = Turns resting spent in this place as a percentage of non-inter-level travel turns spent in this place.
 E = Turns spent auto-exploring this place as a percentage of non-inter-level travel turns spent in this place.
 F = Non-inter-level travel turns spent in this place divided by the number of levels of this place that you've seen.
                   A       B       C       D       E      F
               +-------+-------+-------+-------+-------+----------------------
         Total | 100.0 | 100.0 |   0.5 |   1.2 |   2.2 | 1647.3
       Dungeon | 100.0 | 100.0 |   0.5 |   1.2 |   2.2 | 1647.3
               +-------+-------+-------+-------+-------+----------------------

Table legend:
 A = Kills in this place as a percentage of kills in entire the game.
 B = Kills by you in this place as a percentage of kills by you in the entire game.
 C = Kills by friends in this place as a percentage of kills by friends in the entire game.
 D = Other kills in this place as a percentage of other kills in the entire game.
 E = Experience gained in this place as a percentage of experience gained in the entire game.
 F = Experience gained in this place divided by the number of levels of this place that you have seen.
                   A       B       C       D       E      F
               +-------+-------+-------+-------+-------+----------------------
         Total | 100.0 | 100.0 |  -nan |  -nan | 100.0 |  79.0
       Dungeon | 100.0 | 100.0 |  -nan |  -nan | 100.0 |  79.0
               +-------+-------+-------+-------+-------+----------------------

Vanquished Creatures
  Ijyb (D:2)
  An orc wizard (D:3)
  5 adders (D:2)
  2 worms (D:2)
  4 giant geckos
  2 orcs (D:3)
  2 giant cockroaches
  9 goblins
  9 hobgoblins
  2 jackals (D:2)
  A quokka (D:2)
  A ball python (D:1)
  7 bats
  7 kobolds
  6 rats
59 creatures vanquished.

Notes
Turn   | Place    | Note
--------------------------------------------------------------
     0 | D:1      | gw the Demigod Wanderer began the quest for the Orb.
     0 | D:1      | gw set off with: a +2 falchion, a scroll of teleportation, a potion of lignification, a +0 robe, a bread ration
     0 | D:1      | Reached XP level 1. HP: 18/18 MP: 3/3
   505 | D:1      | Reached XP level 2. HP: 8/25 MP: 5/5
   849 | D:1      | Reached skill level 1 in Maces & Flails
  1384 | D:2      | Noticed Ijyb
  1427 | D:2      | Reached XP level 3. HP: 21/30 MP: 6/6
  1537 | D:2      | Reached skill level 3 in Fighting
  1568 | D:2      | Killed Ijyb
  2007 | D:2      | Reached XP level 4. HP: 38/38 MP: 7/7
  2101 | D:2      | Found a glowing silver altar of Zin.
  2102 | D:2      | Noticed an angel
  2895 | D:3      | Found a burning altar of Makhleb.
  3072 | D:3      | Noticed gw's ghost (amateur DgWn)
  3118 | D:3      | Reached XP level 5. HP: 42/45 MP: 8/8
  3156 | D:3      | Slain by gw's ghost

Action                   |  1- 3 |  4- 6 || total
-------------------------+-------+-------++-------
Melee: Falchion          |    19 |       ||    19
       Club              |    19 |       ||    19
       Mace              |    97 |   103 ||   200
  Use: Scroll            |     1 |       ||     1
  Eat: Chunk             |     4 |     4 ||     8

Vault maps used:
D:1:      lemuel_arrival_room, hangedman_decor_diamond_cutter,
          hangedman_feature_mirror
D:2:      zin_angel, minmay_misc_feat_ornament, minmay_misc_feat_iff,
          minmay_misc_feat_enclosed, uniq_iyjb
D:3:      lemuel_doored_altar
